 Dungeon Crawl Stone Soup version 0.18.1-50-g88ac8fd (webtiles) character file.

65 Chloverfield the Magician (level 4, -4/24 HPs)
             Began as a Gargoyle Earth Elementalist on Oct 24, 2016.
             Slain by Sigmund
             ... wielding a +0 scythe
              (9 damage)
             ... on level 2 of the Dungeon.
             The game lasted 00:04:58 (1555 turns).

Chloverfield the Magician (GrEE)                    Turns: 1555, Time: 00:04:59

Health: -4/24      AC:  9    Str: 11    XL:     4   Next: 14%
Magic:  1/9        EV: 12    Int: 17    God:
Gold:   27         SH:  0    Dex: 10    Spells: 3 memorised, 4 levels left

rFire  + . .     SeeInvis .     g - +1 hand axe (freeze)
rCold  + + .     Gourm    .     e - +1 robe {rC+}
rNeg   + . .     Faith    .     (no shield)
rPois  ∞         Spirit   .     (no helmet)
rElec  +         Dismiss  .     (no cloak)
rCorr  +         Reflect  .     (no gloves)
SustAt .         Harm     .     h - +2 pair of boots
MR     .....                    (no amulet)
Stlth  ++........               (no ring)
                                (no ring)

@: resistant, very slightly contaminated, not resistant to hostile enchantments,
unstealthy
A: negative energy resistance 1, electricity resistance, unbreathing,
petrification resistance, rot immunity, AC +3
a: no special abilities


You were on level 2 of the Dungeon.
You were not hungry.

You visited 1 branch of the dungeon, and saw 2 of its levels.

You collected 27 gold pieces.

Inventory:

Hand Weapons
 g - a +1 hand axe of freezing (weapon)
 k - a +0 dagger
Missiles
 b - 97 stones (quivered)
Armour
 a - a +0 robe
 e - a +1 robe of cold resistance (worn)
 h - a +2 pair of boots (worn)
 i - a +0 robe
Scrolls
 f - 2 scrolls of teleportation {unknown}
 m - a scroll of noise {unknown}
 n - a scroll of fog {unknown}
 o - a scroll of amnesia {unknown}
 p - a scroll of fear {unknown}
Potions
 j - a potion of resistance
 q - a potion of agility {unknown}
Books
 c - a book of Geomancy

   Spells                             Type                      Level
   a - Sandblast                      Earth                        1
   b - Passwall                       Transmutation/Earth          2
   c - Stone Arrow                    Conjuration/Earth            3
   d - Petrify                        Transmutation/Earth          4
   e - Lee's Rapid Deconstruction     Earth                        5
Comestibles
 d - 2 bread rations
 l - 5 chunks of flesh


   Skills:
 + Level 0.6 Axes
 - Level 1.5 Dodging
 - Level 2.1 Stealth
 + Level 3.8 Spellcasting
 - Level 0.7 Transmutations
 - Level 3.6 Earth Magic


You had 4 spell levels left.
You knew the following spells:

 Your Spells              Type           Power        Failure   Level  Hunger
a - Sandblast             Erth           ###...       3%          1    None
b - Passwall              Trmt/Erth      ##........   12%         2    ##.....
c - Stone Arrow           Conj/Erth      #.....       24%         3    ###....


Dungeon Overview and Level Annotations

Branches:
Dungeon (2/15)

Altars:

Annotations:
D:2 Sigmund


Innate Abilities, Weirdness & Mutations

You are resistant to torment.
Your stone body is resilient (AC +3).
You are immune to poison.
You resist negative energy.
You are resistant to electric shocks.
You can survive without breathing.
You are immune to petrification.
You are immune to rotting.


Message History

Something hits you but does no damage.
The giant cockroach bites you but does no damage.
You closely miss the giant cockroach. You miss something.
The giant cockroach misses you. Something hits you but does no damage.
The giant cockroach barely misses you.
You hit the giant cockroach. You freeze the giant cockroach.
You kill the giant cockroach!
You closely miss something.
You hear some strange, mumbled words.
A magic dart appears from out of thin air!
The magic dart hits you!
You miss something. Something hits you but does no damage.
You closely miss something. Something hits you!
You miss something. Something hits you.
* * * LOW HITPOINT WARNING * * *
You see here a giant cockroach corpse.
Something hits you.
* * * LOW HITPOINT WARNING * * *
Something hits you!
You die...

#..........#
...........#
..........##
.........#
........#####
............#
..#.........# # #
..###..>.#######.#...#
#...##....†.@[.....#
.'........({###.##..#
.#..........# #
.........†..#
............#
.....###+#.... .....
#.#### ..... #.# ..
#.#


There were no monsters in sight!

Vanquished Creatures
  2 adders (D:2)
  An ooze (D:1)
  A worm (D:2)
  A dart slug (D:2)
  3 giant geckos
  A ball python (D:2)
  3 giant cockroaches
  A goblin (D:1)
  4 hobgoblins (D:2)
  3 jackals (D:2)
  7 kobolds
  4 bats
  A giant newt (D:2)
  4 rats
36 creatures vanquished.

Notes
Turn   | Place    | Note
--------------------------------------------------------------
     0 | D:1      | Chloverfield the Gargoyle Earth Elementalist began the quest for the Orb.
     0 | D:1      | Reached XP level 1. HP: 10/10 MP: 3/3
   442 | D:1      | Reached XP level 2. HP: 15/15 MP: 2/5
   448 | D:1      | Learned a level 2 spell: Passwall
   881 | D:2      | Reached XP level 3. HP: 18/19 MP: 7/7
   935 | D:2      | Learned a level 3 spell: Stone Arrow
  1444 | D:2      | Reached XP level 4. HP: 23/24 MP: 2/9
  1532 | D:2      | Noticed Sigmund
  1555 | D:2      | Slain by Sigmund

Skill      XL: |  1  2 |
---------------+-------+-----
Spellcasting   | 3 |  3.8
Axes           | |  0.6
Dodging        | |  1.5
Stealth        | |  2.1
Transmutations | |  0.7
Earth Magic    | |  3.6

Action                   |  1- 3 |  4- 6 || total
-------------------------+-------+-------++-------
Melee: Unarmed           |    42 |       ||    42
       Hand axe          |    38 |    13 ||    51
 Cast: Sandblast         |    30 |     1 ||    31
       Stone Arrow       |     6 |     1 ||     7
  Use: Scroll            |     2 |       ||     2
       Potion            |       |     1 ||     1
  Eat: Chunk             |     2 |     1 ||     3
Armor: Robe              |    30 |     5 ||    35
Dodge: Dodged            |    66 |    13 ||    79
